 Dungeon Crawl Stone Soup version 0.22-a0-422-g9628fc8 (webtiles) character file.

21015 Dmuffinman the Severer (level 12, -5/106 HPs)
             Began as a Hill Orc Fighter on May 16, 2018.
             Slain by a sixfirhy (9 damage)
             ... on level 2 of the Orcish Mines on May 17, 2018.
             The game lasted 03:12:36 (13885 turns).

Dmuffinman the Severer (Hill Orc Fighter)          Turns: 13885, Time: 03:12:36

Health: -5/106     AC: 16    Str: 22    XL:     12   Next: 85%
Magic:  0/21       EV: 10    Int:  8    God:
Gold:   1063       SH: 20    Dex: 12    Spells: 11/11 levels left

rFire    . . .     SeeInvis .   L - +2 hand axe (freeze)
rCold    . . .     Gourm    .   n - +1 large shield
rNeg     . . .     Faith    .   e - +0 plate armour
rPois    .         Spirit   +   (no helmet)
rElec    .         Reflect  .   (no cloak)
rCorr    .         Harm     .   g - +0 pair of gloves
MR       .....                  K - +0 pair of boots
Stlth    ..........             o - amulet of guardian spirit
HPRegen  0.27/turn              q - +5 ring of evasion
MPRegen  0.17/turn              m - ring of magical power

@: no status effects
A: no striking features
a: Convert to Beogh


You were on level 2 of the Orcish Mines.
You were not hungry.

You visited 3 branches of the dungeon, and saw 15 of its levels.

You collected 1063 gold pieces.

Inventory:

Hand Weapons
 a - a +1 war axe
 l - a +0 hand axe of electrocution
 r - a +2 dire flail of protection
 v - the +4 Vampire's Tooth {vamp}
   (You found it on level 4 of the Dungeon)

   It inflicts no extra harm, but heals its wielder when it wounds a living foe.
 z - the +7 hunting sling "Funecuck" {flame, rF- rN+ Int+4}
   (You found it on level 4 of the Dungeon)

   It causes projectiles fired from it to burn those they strike, causing extra
   injury to most foes and up to half again as much damage against particularly
   susceptible opponents.
   It affects your intelligence (+4).
   It makes you vulnerable to fire.
   It protects you from negative energy.
 L - a +2 hand axe of freezing (weapon)
Missiles
 c - 23 tomahawks
 j - 79 sling bullets
 O - 2 exploding tomahawks (quivered)
Armour
 e - a +0 plate armour (worn)
 g - a +0 pair of gloves (worn)
 n - a +1 large shield (worn)
 y - a +0 plate armour
 K - a +0 pair of boots (worn)
 R - a +0 troll leather armour
Jewellery
 m - a ring of magical power (right hand)
 o - an amulet of guardian spirit (around neck)
 q - a +5 ring of evasion (left hand)
 u - an uncursed ring of fire
 J - an uncursed ring of flight
Wands
 E - a wand of flame (23)
 H - a wand of random effects (39)
 Q - a wand of disintegration (11)
 S - a wand of iceblast (4)
Scrolls
 b - 2 scrolls of enchant weapon
 h - 5 scrolls of identify
 i - 4 scrolls of remove curse
 p - a scroll of blinking
 t - 2 scrolls of fear
 x - 2 scrolls of fog
 C - 2 scrolls of teleportation
 D - 5 scrolls of amnesia
Potions
 d - a potion of resistance
 k - a potion of curing
 s - 2 potions of berserk rage
 w - a potion of invisibility
 A - a potion of haste
 B - 3 potions of flight
Miscellaneous
 P - a lightning rod (4/4)
Comestibles
 f - 19 rations


   Skills:
 * Level 10.2 Fighting
 - Level 16.2 Axes
 - Level 1.2 Slings
 + Level 7.7 Armour
 - Level 3.2 Dodging
 + Level 0.1 Stealth
 * Level 13.2 Shields
 + Level 0.2 Evocations


You had 11 spell levels left.
You didn't know any spells.
Your spell library contained the following spells:

 Spells                   Type           Power        Failure   Level  Hunger
 Conjure Flame            Conj/Fire      #.......     100%        3    ####...
 Bolt of Magma            Conj/Fire/Erth #.........   100%        5    ######.
 Freezing Cloud           Conj/Ice/Air   #.........   100%        6    #######
 Mephitic Cloud           Conj/Pois/Air  #.......     100%        3    ####...
 Ring of Flames           Chrm/Fire      #.........   100%        7    #######
 Venom Bolt               Conj/Pois      #.........   100%        5    ######.
 Iron Shot                Conj/Erth      #.........   100%        6    #######
 Spider Form              Tmut/Pois      #.........   100%        3    ####...
 Blade Hands              Tmut           #.........   100%        5    ######.
 Ice Form                 Ice/Tmut       #.......     100%        4    #####..
 Sticks to Snakes         Tmut           #.......     100%        2    ###....
 Orb of Destruction       Conj           #.........   100%        7    #######
 Beastly Appendage        Tmut           #.....       100%        1    ##.....
 Iskenderun's Battlesphe  Conj/Chrm      #.......     100%        5    ######.
 Spellforged Servitor     Conj/Summ      #.........   100%        7    #######
 Poisonous Vapours        Pois/Air       #.....       100%        2    ###....


Dungeon Overview and Level Annotations

Branches:
Dungeon (12/15)            Temple (1/1) D:5            Lair (0/6) D:11
    Orc (2/2) D:11            Elf (0/3) Orc:2

Altars:
Ashenzari
Cheibriados
Dithmenos
Elyvilon
Fedhas
Gozag
Hepliaklqana
Kikubaaqudgha
Makhleb
Nemelex Xobeh
Okawaru
Qazlal
Ru
Sif Muna
Trog
Uskayaw
Vehumet
Wu Jian
Xom
Yredelemnul
Zin
The Shining One

Annotations:
D:9 Gastronok
D:10 adolchristin's ghost, novice MiBe


Message History

An orc knight comes into view. It is wielding a halberd.
You block the orc's attack.
An orc wizard comes into view. It is wielding a dagger.
An orc comes into view. It is wielding a club.
The orc throws a tomahawk.
You block the tomahawk. You block the orc's attack.
There is a stone staircase leading down here.
You see here a tomahawk.
The orc wizard shouts!
The orc knight shouts!
You hear a shout!
The orc throws a tomahawk.
You block the tomahawk. You block the orc's attack.
The orc hits you but does no damage.
You climb downwards.
You block the orc warrior's attack.
The orc priest calls down the wrath of Beogh upon you.
Beogh smites you!
* * * LOW HITPOINT WARNING * * *
The orc barely misses you.
There is a stone staircase leading up here.
You block the orc warrior's attack. You block the orc's attack.
You block the sixfirhy's attack. x3
You block the sixfirhy's attack. The sixfirhy hits you!
You die...

. .#.....##.##..........#.#..## .
.#...................#......#
..........#....##............##
.#..........................###
..#.........................#.##
...#........#..........#...))..##
#..........................##)..#
#.........................###..##
##.##...........@........# ..##
###..#.........o3.......# ..##
##.............oo......# ..#
................<.....## ..#
##..............o....## ..#
#...................## ..#
...................##
..............o...##
............#....##


You could see a sixfirhy, an orc warrior, an orc priest and 3 orcs.

Vanquished Creatures
  Erolcha (D:11)
  3 two-headed ogres
  The ghost of puppykicker the Geomancer, a journeyman GrEE of Kikubaaqudgha (D:9)
  A queen ant (D:9)
  A death yak (D:11)
  An unseen horror (D:11)
  An orc knight (Orc:2)
  Pikel (D:7)
  An elephant (D:11)
  4 trolls
  A queen bee (D:11)
  Prince Ribbit (D:7)
  A wyvern (D:9)
  22 yaks
  4 hogs (D:7)
  A human (D:7)
  Eustachio (D:5)
  A hungry ghost (D:10)
  2 wargs
  8 soldier ants (D:9)
  A water moccasin (D:11)
  The ghost of w00t the Chopper, an amateur VSFi (D:3)
  Duvessa (D:7)
  13 orc warriors
  2 ice beasts
  A sky beast (D:10)
  2 slaves (D:7)
  An eye of draining (D:9)
  5 phantoms
  6 ogres
  6 centaurs
  3 crocodiles
  A big kobold (D:9)
  4 bullfrogs
  A wyvern zombie (D:10)
  Dowan (D:7)
  3 scorpions
  22 killer bees
  8 wights
  2 vampire bats (D:4)
  3 howler monkeys (D:7)
  A crimson imp (D:9)
  3 bullfrog zombies
  A jelly (D:10)
  4 bullfrog skeletons
  11 orc priests
  5 hounds
  18 orc wizards
  2 centaur skeletons
  5 iguanas
  Terence (D:3)
  29 worker ants
  A killer bee zombie (D:10)
  2 hound skeletons
  3 worker ant zombies
  12 adders
  A gnoll (D:1)
  A howler monkey skeleton (D:9)
  2 shadow imps
  2 adder zombies
  5 adder skeletons
  5 worms
  4 dart slugs (D:1)
  5 leopard geckos
  61 orcs
  6 giant cockroaches
  10 hobgoblins
  9 jackals
  3 quokkas
  8 bats
  5 frilled lizards
  13 goblins
  16 kobolds
  A leopard gecko skeleton (D:4)
  A leopard gecko zombie (D:5)
  9 rats
409 creatures vanquished.

Vanquished Creatures (others)
  2 slaves (D:7)
  A centaur (D:11)
  An orc (D:9)
4 creatures vanquished.

Grand Total: 413 creatures vanquished

Notes
Turn   | Place    | Note
-------+----------+-------------------------------------------
     0 | D:1      | Dmuffinman the Hill Orc Fighter began the quest for the Orb.
     0 | D:1      | Reached XP level 1. HP: 19/19 MP: 1/1
   199 | D:1      | Reached XP level 2. HP: 27/27 MP: 2/2
   213 | D:1      | Reached skill level 3 in Axes
   277 | D:1      | Reached XP level 3. HP: 30/33 MP: 3/3
   389 | D:2      | Found a hide-covered altar of Uskayaw.
   389 | D:2      | Noticed a hand axe
   406 | D:2      | Noticed a dagger
   564 | D:2      | Reached XP level 4. HP: 34/41 MP: 4/4
   606 | D:2      | Found a blossoming altar of Fedhas.
  1090 | D:2      | Reached skill level 4 in Axes
  1279 | D:3      | Found a burning altar of Makhleb.
  1302 | D:3      | Found a shattered altar of Ashenzari.
  1449 | D:3      | Reached XP level 5. HP: 41/47 MP: 5/5
  1992 | D:3      | Reached skill level 5 in Axes
  2263 | D:3      | Noticed Terence
  2271 | D:3      | Killed Terence
  2271 | D:3      | Reached XP level 6. HP: 53/53 MP: 6/6
  2300 | D:3      | Found a deep blue altar of Sif Muna.
  2554 | D:2      | Found an ancient bone altar of Kikubaaqudgha.
  2555 | D:2      | Found a bloodstained altar of Trog.
  3063 | D:3      | Noticed w00t's ghost (amateur VSFi)
  3074 | D:3      | Killed w00t's ghost
  3074 | D:3      | Reached skill level 6 in Axes
  3252 | D:4      | Found the +4 Vampire's Tooth {vamp}
  3293 | D:4      | Reached skill level 5 in Shields
  3336 | D:5      | Entered Level 5 of the Dungeon
  3396 | D:4      | Reached XP level 7. HP: 60/60 MP: 7/7
  3655 | D:4      | Got a steaming leather armour
  3774 | D:4      | Got a translucent hunting sling
  3775 | D:4      | Identified the +7 hunting sling "Funecuck" {flame, rF- rN+ Int+4} (You found it on level 4 of the Dungeon)
  4098 | D:5      | Found a glowing silver altar of Zin.
  4143 | D:4      | Reached skill level 7 in Axes
  4239 | D:5      | Noticed Eustachio
  4273 | D:5      | Killed Eustachio
  4292 | D:5      | Found a staircase to the Ecumenical Temple.
  4302 | Temple   | Entered the Ecumenical Temple
  4521 | D:5      | Reached skill level 8 in Axes
  4628 | D:5      | Reached skill level 5 in Fighting
  4824 | D:6      | Reached XP level 8. HP: 51/68 MP: 8/8
  4945 | D:6      | Reached skill level 9 in Axes
  5010 | D:6      | Reached skill level 1 in Dodging
  5379 | D:6      | Reached skill level 10 in Axes
  5550 | D:7      | Noticed Pikel
  5571 | D:7      | Killed Pikel
  5571 | D:7      | Reached skill level 11 in Axes
  5571 | D:7      | Reached XP level 9. HP: 33/74 MP: 9/9
  5637 | D:6      | Reached skill level 1 in Slings
  5689 | D:7      | Noticed Prince Ribbit
  5738 | D:7      | Killed Prince Ribbit
  5738 | D:7      | Reached skill level 5 in Armour
  5861 | D:6      | Found a stormy altar of Qazlal.
  6128 | D:7      | Reached skill level 12 in Axes
  6499 | D:7      | Reached XP level 10. HP: 83/83 MP: 10/10
  6509 | D:7      | Noticed Duvessa
  6516 | D:7      | Noticed Dowan
  6529 | D:7      | Killed Duvessa
  6529 | D:7      | Reached skill level 13 in Axes
  6533 | D:7      | Killed Dowan
  6612 | D:7      | Found a hazy altar of Hepliaklqana.
  7066 | D:10     | Entered Level 10 of the Dungeon
  7753 | D:7      | Reached skill level 14 in Axes
  9045 | D:9      | Noticed Gastronok
  9119 | D:9      | Noticed puppykicker's ghost (journeyman GrEE)
  9399 | D:9      | Killed puppykicker's ghost
  9812 | D:10     | Reached XP level 11. HP: 91/91 MP: 11/11
  9820 | D:10     | Reached skill level 15 in Axes
 10072 | D:9      | Found a snail-covered altar of Cheibriados.
 10221 | D:9      | Noticed a queen ant
 10256 | D:9      | Killed a queen ant
 10288 | D:9      | Reached skill level 16 in Axes
 10313 | D:9      | Reached skill level 10 in Shields
 11269 | D:9      | Found a sparkling altar of Nemelex Xobeh.
 11368 | D:9      | Found an ornate altar of the Wu Jian Council.
 11455 | D:10     | Noticed a two-headed ogre
 11469 | D:10     | Killed a two-headed ogre
 11469 | D:10     | Reached XP level 12. HP: 89/102 MP: 12/12
 11740 | D:10     | Noticed adolchristin's ghost (novice MiBe)
 11790 | D:11     | Noticed a death yak
 11791 | D:11     | Found a staircase to the Lair.
 11832 | D:11     | Killed a death yak
 11932 | D:11     | what
 12301 | D:11     | Noticed a two-headed ogre
 12315 | D:11     | Killed a two-headed ogre
 12340 | D:11     | Noticed Erolcha
 12396 | D:11     | Killed Erolcha
 12415 | D:11     | Found a staircase to the Orcish Mines.
 12657 | Orc:1    | Entered Level 1 of the Orcish Mines
 12804 | Orc:2    | Entered Level 2 of the Orcish Mines
 12804 | Orc:2    | Found a shimmering altar of Xom.
 13180 | Orc:2    | Reached skill level 10 in Fighting
 13244 | Orc:2    | Noticed a two-headed ogre
 13263 | Orc:2    | Killed a two-headed ogre
 13660 | Orc:2    | Found a staircase to the Elven Halls.
 13880 | Orc:1    | Noticed a stone giant
 13882 | Orc:2    | HP: 3/106 [orc priest/divine providence (9)]
 13885 | Orc:2    | Slain by a sixfirhy

Vault maps used:
D:1:      dpeg_arrival_more_subterranean_lakeside_camping, serial_bayou_lagoon_a
D:2:      lemuel_crystal_altar, dancing_weapons_uskayaw,
          gammafunk_temple_overflow_statue, first_ration
D:3:      nicolae_overflow_hidden_temple,
          chequers_temple_overflow_statue_of_worship, uniq_terence
D:4:      minivault_23, minmay_guarded_unrand_vampires_tooth
D:5:      lemuel_crystal_altar, minmay_temple_entry_trees, uniq_eustachio
D:6:      lemuel_round_altar
D:7:      lemuel_doored_altar, grunt_livestock, uniq_prince_ribbit1, uniq_pikel,
          uniq_duvessa
D:8:      minivault_19
D:9:      slow_altar_2, lemuel_coloured_pillars_altar, lemuel_crystal_altar,
          zaba_antful_of_joy, uniq_gastronok
D:11:     david_lair_generic, david_orc_3, minivault_7, uniq_erolcha
D:12:     uniq_azrael, uniq_urug
Temple:   jpeg_temple_island
Orc:2:    pf_orc_diabolical, basic_altar

Skill      XL: |  1  2  3  4  5  6  7  8  9 10 11 12 |
---------------+-------------------------------------+-----
Fighting       | 4 5 6 8 10 | 10.2
Axes           | 3 4 5 6 8 11 12 14 16 | 16.2
Shields        | 4 5 6 7 8 9 11 13 | 13.2
Armour         | 4 5 6 7 |  7.7
Dodging        | 1 2 3 |  3.2
Slings         | 1 |  1.2
Stealth        | |  0.1
Evocations     | |  0.2

Action                   |  1- 3 |  4- 6 |  7- 9 | 10-12 || total
-------------------------+-------+-------+-------+-------++-------
Melee: War axe           |    71 |   247 |   386 |  1100 ||  1804
       Hand axe          |       |    53 |       |    78 ||   131
 Fire: Hunting sling     |       |     1 |    10 |    17 ||    28
Throw: Tomahawk          |       |       |       |     1 ||     1
Evoke: Wand              |       |       |       |     1 ||     1
  Use: Scroll            |       |     6 |     3 |    15 ||    24
       Potion            |       |       |     2 |    10 ||    12
  Eat: Chunk             |       |     9 |     6 |    23 ||    38
       Ration            |       |       |     1 |     2 ||     3
Armor: Scale mail        |    27 |    62 |       |       ||    89
       Chain mail        |       |    39 |   122 |       ||   161
       Plate armour      |       |       |    12 |   221 ||   233
       Skin              |       |       |       |    11 ||    11
Dodge: Dodged            |    18 |    59 |   101 |   162 ||   340
Block: Shield            |    27 |     7 |       |       ||    34
       Large shield      |       |   256 |   389 |   800 ||  1445

Table legend:
 A = Spawn XP
 B = Non-spawn XP
 C = Spawn XP percentage of total XP
 D = Spawn monster count
 E = Non-spawn monster count
 F = Spawn count percentage of total count
 G = Total turns spent on level
                    A         B        C        D         E        F      G
               +---------+---------+-------+---------+---------+-------+---------
         Total |       0 |   30022 |   0.0 |       0 |     408 |   0.0 | 13885
               +---------+---------+-------+---------+---------+-------+---------
           D:1 |       0 |      63 |   0.0 |       0 |      26 |   0.0 |  1111
           D:2 |       0 |      76 |   0.0 |       0 |      18 |   0.0 |  1261
           D:3 |       0 |     341 |   0.0 |       0 |      47 |   0.0 |  1123
           D:4 |       0 |     250 |   0.0 |       0 |      17 |   0.0 |  1261
           D:5 |       0 |     410 |   0.0 |       0 |      11 |   0.0 |   827
           D:6 |       0 |    1387 |   0.0 |       0 |      29 |   0.0 |  1027
           D:7 |       0 |    3428 |   0.0 |       0 |      36 |   0.0 |  1407
           D:8 |       0 |     534 |   0.0 |       0 |      15 |   0.0 |  1117
           D:9 |       0 |    8024 |   0.0 |       0 |      83 |   0.0 |  1616
          D:10 |       0 |    5049 |   0.0 |       0 |      37 |   0.0 |   689
          D:11 |       0 |    6847 |   0.0 |       0 |      54 |   0.0 |  1057
          D:12 |       0 |       9 |   0.0 |       0 |       3 |   0.0 |    56
         Orc:1 |       0 |     693 |   0.0 |       0 |      11 |   0.0 |   443
         Orc:2 |       0 |    2911 |   0.0 |       0 |      21 |   0.0 |   761
               +---------+---------+-------+---------+---------+-------+---------
